 Dungeon Crawl Stone Soup version 0.20.0 (webtiles) character file.

32403 Llamajah the Blocker (level 14, -15/111 HPs)
             Began as a Formicid Fighter on July 2, 2017.
             Was the Champion of Okawaru.
             Killed from afar by a frost giant (47 damage)
             ... with a bolt of cold
             ... in an ice cave.
             The game lasted 00:50:55 (14441 turns).

Llamajah the Blocker (Formicid Fighter)            Turns: 14441, Time: 00:50:56

Health: -15/111    AC: 24    Str: 24    XL:     14   Next: 2%
Magic:  18/18      EV:  9    Int: 10    God:    Okawaru [******]
Gold:   348        SH: 20    Dex: 10    Spells: 13/13 levels left

rFire    . . .     SeeInvis +   E - +7 great mace "Undeadhunter" {disrupt, rN+}
rCold    . . .     Gourm    .   a - +2 large shield
rNeg     + . .     Faith    +   h - +1 crystal plate armour
rPois    +         Spirit   .   (helmet unavailable)
rElec    .         Reflect  .   I - +0 cloak
rCorr    .         Harm     .   e - +0 pair of gloves
MR       +....                  (no boots)
Stlth    ..........             R - amulet of faith
Regen    0.3/turn               y - +3 ring of evasion
MPRegen  0.2/turn               W - ring of poison resistance

@: no status effects
A: permanent stasis, dig shafts and tunnels, four strong arms, antennae 3
a: Dig, Shaft Self, Heroism, Finesse, Renounce Religion


You were in an ice cave.
You worshipped Okawaru.
Okawaru was exalted by your worship.
You were not hungry.

You visited 2 branches of the dungeon, and saw 14 of its levels.
You also visited: Bailey and Ice Cave.

You collected 1060 gold pieces.
You spent 712 gold pieces at shops.

Inventory:

Hand Weapons
 b - the +1 flail "Okhley" {crush, rPois rC++}
   (Okawaru gifted it to you on level 11 of the Dungeon)

   It inflicts extra damage upon your enemies.
   It greatly protects you from cold.
   It protects you from poison.
 i - the +5 great mace of Defence by Offence {vamp, rPois Dex+3}
   (Okawaru gifted it to you on level 13 of the Dungeon)

   It inflicts no extra harm, but heals its wielder when it wounds a living foe.
   It affects your dexterity (+3).
   It protects you from poison.
 E - the +7 great mace "Undeadhunter" (weapon) {disrupt, rN+}
   (You found it on level 4 of the Dungeon)

   It protects you from negative energy.
 Z - a +5 battleaxe
Missiles
 s - 19 tomahawks of returning (quivered)
Armour
 a - a +2 large shield (worn)
 c - a +0 shield
 e - a +0 pair of gloves (worn)
 h - a +1 crystal plate armour (worn)
 I - a +0 cloak (worn)
Jewellery
 k - an uncursed ring of positive energy
 p - a +3 ring of evasion
 y - a +3 ring of evasion (left hand)
 R - an amulet of faith (around neck)
 W - a ring of poison resistance (right hand)
Wands
 o - a wand of paralysis (12/24)
 q - a wand of random effects (20/48)
 r - a wand of polymorph (10/24)
 A - a wand of random effects (12/48)
 C - a wand of iceblast (8/15)
 D - a wand of acid (9/15)
 O - a wand of paralysis (9/24)
 S - a wand of flame (34/48)
 U - a wand of disintegration (8/24)
 V - a wand of confusion (30/48)
Scrolls
 j - 13 scrolls of identify
 l - 3 scrolls of enchant weapon
 n - 2 scrolls of fear
 v - 3 scrolls of recharging
 x - 4 scrolls of remove curse
 F - 2 scrolls of silence
 H - a scroll of immolation
 K - 3 scrolls of fog
 N - 2 scrolls of amnesia
 Q - 2 scrolls of magic mapping
 Y - a scroll of vulnerability
Potions
 d - 7 potions of might
 m - 3 potions of brilliance
 u - 4 potions of cancellation {unknown}
 w - a potion of haste {unknown}
 z - 3 potions of agility {unknown}
 B - 2 potions of degeneration {unknown}
 G - 2 potions of invisibility {unknown}
 J - a potion of resistance {unknown}
 L - a potion of ambrosia {unknown}
 M - 3 potions of flight
 X - 3 potions of mutation
Comestibles
 f - 15 bread rations
 g - 6 fruits
 t - 7 meat rations
 P - 2 royal jellies
 T - 10 chunks of flesh


   Skills:
 + Level 10.7 Fighting
 - Level 10.1(11.5) Axes
 * Level 9.2(11.1) Maces & Flails
 + Level 10.3 Armour
 + Level 8.1 Dodging
 + Level 11.4 Shields
 + Level 5.9 Invocations
 - Level 0.4 Evocations


You had 13 spell levels left.
You didn't know any spells.

Dungeon Overview and Level Annotations

Branches:
Dungeon (13/15)            Temple (1/1) D:4            Lair (0/6) D:8
    Orc (0/2) D:11         Vaults (0/5) D:13

Altars:
Ashenzari
Cheibriados
Dithmenos
Elyvilon
Fedhas
Gozag
Hepliaklqana
Kikubaaqudgha
Makhleb
Nemelex Xobeh
Okawaru
Qazlal
Ru
Sif Muna
Trog
Uskayaw
Vehumet
Xom
Yredelemnul
Zin
The Shining One
Beogh

Shops:
D:6 (((?   D:7 ?   D:8 (*?   D:10 !


Innate Abilities, Weirdness & Mutations

You cannot be hasted, slowed, berserked, paralysed or teleported.
You can dig through walls and to a lower floor.
Your four strong arms can wield two-handed weapons with a shield.
You have a pair of large antennae on your head. (SInv)


Message History

The frost giant is moderately wounded.
You bludgeon the frost giant!!
The frost giant is heavily wounded.
The frost giant gestures at you while chanting.
The bolt of cold hits you!
You sock the frost giant!
The frost giant is heavily wounded.
The frost giant hits you with a battleaxe of freezing!!
The frost giant freezes you.
* * * LOW HITPOINT WARNING * * *
You are too injured to fight recklessly!
You are too injured to fight recklessly!
You thump the frost giant!
The frost giant is severely wounded.
The frost giant hits you but does no damage.
You sock the frost giant!
The frost giant is severely wounded.
The frost giant gestures at you while chanting.
The bolt of cold hits you!
You die...

######## ##### ##...†..####
####...#
####....#.....####Y...#.{Y#
##....#######...†#YhY###
.{{Y. ...#### ###.@Ch###
{{{C. .### ###### {.h. ##
.. { {# # ## .## ### ≈# ...
..### ≈≈###.. #...## ≈≈≈.#


You could see a frost giant, a polar bear, 3 yaks and a wolf.

Vanquished Creatures
  Snorg (D:10)
  Erolcha (D:9)
  A centaur warrior (D:13)
  Erica (D:9)
  The ghost of Kave the Ruffian, a novice TrTm of Sif Muna (D:9)
  The ghost of dipablo the Basher, a novice MiFi of Okawaru (Bailey)
  3 two-headed ogres
  The ghost of loopi the Cruncher, a novice DrWn of Lugonu (Bailey)
  A death drake (shapeshifter) (D:13)
  An unseen horror (D:12)
  Pikel (D:8)
  A necromancer (D:13)
  An orc knight (Bailey)
  2 cyclopes
  2 ugly things
  A centaur zombie (D:12)
  An elephant (D:8)
  An ice statue (IceCv)
  A gargoyle (D:13)
  12 polar bears (IceCv)
  A hornet (D:9)
  4 trolls
  A hippogriff (shapeshifter) (D:13)
  5 slime creatures (D:13)
  Prince Ribbit (D:7)
  4 hippogriffs
  2 shadows
  Sigmund (D:3)
  25 yaks
  A wyvern (D:8)
  2 wraiths
  A basilisk (D:8)
  4 vampire mosquitoes (D:12)
  Menkaure (D:4)
  2 water moccasins
  Duvessa (D:7)
  A hornet zombie (D:8)
  18 orc warriors
  5 phantoms
  2 sky beasts
  2 black bears
  6 ogres
  A necrophage (D:7)
  10 wolves (IceCv)
  17 centaurs
  2 crocodiles
  2 big kobolds
  A wyvern zombie (D:7)
  A bullfrog (D:8)
  7 gnoll sergeants
  Dowan (D:7)
  A water moccasin zombie (D:8)
  4 scorpions
  7 killer bees
  6 wights (D:10)
  4 howler monkeys
  3 bullfrog zombies
  5 crimson imps
  2 centaur skeletons (D:5)
  2 jellies
  5 bullfrog skeletons
  2 hounds
  13 orc priests
  17 orc wizards
  6 iguanas
  Terence (D:2)
  Natasha (thrice) (D:3)
  6 worker ants
  A hound zombie (D:5)
  A hound skeleton (D:4)
  17 gnolls
  18 adders
  A shadow imp (D:4)
  An ooze (D:7)
  An adder zombie (D:9)
  2 adder skeletons (D:5)
  2 worms
  3 dart slugs
  5 leopard geckos
  74 orcs
  A ball python (D:1)
  4 bats
  4 giant cockroaches
  15 goblins
  6 hobgoblins
  10 jackals
  26 kobolds
  6 quokkas
  A ball python skeleton (D:5)
  6 frilled lizards
  A giant cockroach zombie (D:5)
  3 quokka skeletons
  7 rats
470 creatures vanquished.

Notes
Turn   | Place    | Note
-------+----------+-------------------------------------------
     0 | D:1      | Llamajah the Formicid Fighter began the quest for the Orb.
     0 | D:1      | Reached XP level 1. HP: 18/18 MP: 1/1
   169 | D:1      | Reached XP level 2. HP: 24/24 MP: 2/2
   674 | D:2      | Reached XP level 3. HP: 26/29 MP: 3/3
   773 | D:2      | Reached skill level 4 in Shields
   773 | D:2      | Reached XP level 4. HP: 8/35 MP: 4/4
  1566 | D:2      | Reached XP level 5. HP: 36/42 MP: 5/5
  1595 | D:2      | Noticed Terence
  1609 | D:2      | Killed Terence
  1695 | D:3      | Reached skill level 1 in Dodging
  1817 | D:3      | Reached XP level 6. HP: 38/48 MP: 6/6
  1900 | D:3      | Noticed Natasha
  1912 | D:3      | Killed Natasha
  1985 | D:3      | Noticed Natasha
  1990 | D:3      | Killed Natasha
  2097 | D:3      | Noticed Natasha
  2110 | D:3      | Killed Natasha
  2527 | D:3      | Noticed Sigmund
  2535 | D:3      | Killed Sigmund
  2535 | D:3      | Reached skill level 5 in Axes
  2535 | D:3      | Reached XP level 7. HP: 29/55 MP: 7/7
  2838 | D:4      | Reached skill level 5 in Shields
  2867 | D:4      | Reached skill level 5 in Fighting
  2897 | D:4      | Reached XP level 8. HP: 44/62 MP: 8/8
  2976 | D:5      | Entered Level 5 of the Dungeon
  3297 | D:4      | Found an ancient bone altar of Kikubaaqudgha.
  3299 | D:4      | Noticed Menkaure
  3302 | D:4      | Found a basalt altar of Yredelemnul.
  3367 | D:4      | Reached skill level 5 in Armour
  3372 | D:4      | Killed Menkaure
  3569 | D:4      | Found a staircase to the Ecumenical Temple.
  3809 | D:5      | Reached skill level 6 in Shields
  4013 | D:5      | Reached XP level 9. HP: 65/69 MP: 9/9
  4292 | D:5      | Found a bloodstained altar of Trog.
  4436 | D:5      | Found a snail-covered altar of Cheibriados.
  4457 | D:5      | Reached skill level 1 in Maces & Flails
  4999 | D:6      | Found Iplicrysh's Magic Scroll Shoppe.
  5007 | D:6      | Bought a scroll of fear for 38 gold pieces
  5007 | D:6      | Bought a scroll of recharging for 104 gold pieces
  5007 | D:6      | Bought a scroll of fog for 22 gold pieces
  5007 | D:6      | Bought a scroll of identify for 22 gold pieces
  5007 | D:6      | Bought a scroll of silence for 82 gold pieces
  5007 | D:6      | Bought a scroll of remove curse for 33 gold pieces
  5007 | D:6      | Bought a scroll of identify for 22 gold pieces
  5007 | D:6      | Bought a scroll of identify for 22 gold pieces
  5418 | D:6      | Found a shimmering altar of Xom.
  5470 | D:6      | Found Vais's Weapon Boutique.
  5510 | D:6      | Found Ege Xed's Antique Weapon Shoppe.
  5521 | D:6      | Found Keruoh's Antique Weapon Shop.
  5739 | D:6      | Found a shadowy altar of Dithmenos.
  5881 | D:7      | Found Hochoph's Magic Scroll Shop.
  5893 | D:7      | Bought a scroll of magic mapping for 38 gold pieces
  5910 | D:7      | Found a sparkling altar of Nemelex Xobeh.
  5912 | D:7      | Reached skill level 7 in Shields
  5962 | D:7      | Found a flagged portal.
  5977 | Bailey   | Entered a bailey
  5990 | Bailey   | Noticed loopi's ghost (novice DrWn)
  6002 | Bailey   | Noticed dipablo's ghost (novice MiFi)
  6023 | Bailey   | Killed loopi's ghost
  6023 | Bailey   | Reached XP level 10. HP: 53/79 MP: 10/10
  6041 | Bailey   | Killed dipablo's ghost
  6182 | Bailey   | Noticed an orc knight
  6891 | Bailey   | Killed an orc knight
  7779 | D:7      | Noticed Prince Ribbit
  7787 | D:7      | Killed Prince Ribbit
  7787 | D:7      | Reached skill level 8 in Shields
  7913 | D:7      | Noticed Dowan
  7919 | D:7      | Noticed Duvessa
  7926 | D:7      | Killed Duvessa
  7939 | D:7      | Killed Dowan
  8135 | D:8      | Reached XP level 11. HP: 84/84 MP: 11/11
  8189 | D:8      | Found Xahek's Antique Weapon Boutique.
  8205 | D:8      | Noticed an elephant
  8206 | D:8      | Reached skill level 5 in Dodging
  8239 | D:8      | Killed an elephant
  8432 | D:8      | Found a staircase to the Lair.
  8514 | D:8      | Found Riwuron's Magic Scroll Emporium.
  8542 | D:8      | Found Wiunko Ynooc's Assorted Antiques.
  8565 | D:8      | Bought a blackened bronze amulet for 125 gold pieces
  8606 | D:8      | Found a white marble altar of Elyvilon.
  8903 | Temple   | Entered the Ecumenical Temple
  9203 | Temple   | Became a worshipper of Warmaster Okawaru
  9350 | D:8      | Noticed Pikel
  9360 | D:8      | Killed Pikel
  9360 | D:8      | Reached skill level 5 in Maces & Flails
  9665 | D:9      | Noticed Erica
  9692 | D:9      | Killed Erica
  9692 | D:9      | Reached * piety under Okawaru
  9692 | D:9      | Reached skill level 9 in Shields
  9755 | D:9      | Found a roughly hewn altar of Beogh.
  9897 | D:9      | Noticed Erolcha
  9906 | D:9      | Killed Erolcha
  9906 | D:9      | Reached ** piety under Okawaru
  9975 | D:9      | Noticed Kave's ghost (novice TrTm)
 10004 | D:9      | Killed Kave's ghost
 10505 | D:9      | Found a hide-covered altar of Uskayaw.
 10508 | D:9      | Found a shattered altar of Ashenzari.
 10511 | D:9      | Found a burning altar of Makhleb.
 10552 | D:10     | Entered Level 10 of the Dungeon
 10567 | D:10     | Reached *** piety under Okawaru
 10567 | D:10     | Reached XP level 12. HP: 94/94 MP: 12/12
 10661 | D:10     | Reached skill level 10 in Axes
 10749 | D:10     | Noticed Snorg
 10759 | D:10     | Killed Snorg
 10762 | D:10     | Reached **** piety under Okawaru
 11008 | D:10     | Found Fioch's Distillery.
 11026 | D:10     | Bought a potion of curing for 36 gold pieces
 11026 | D:10     | Bought a potion of curing for 36 gold pieces
 11026 | D:10     | Bought a potion of curing for 36 gold pieces
 11026 | D:10     | Bought a potion of mutation for 96 gold pieces
 11353 | D:11     | Noticed a two-headed ogre
 11357 | D:11     | Killed a two-headed ogre
 11357 | D:11     | Reached skill level 10 in Shields
 11455 | D:11     | Reached skill level 1 in Invocations
 11464 | D:11     | Reached ***** piety under Okawaru
 11575 | D:11     | Found a sparkling altar of Nemelex Xobeh.
 11787 | D:11     | Got an ichor-stained ring mail
 11798 | D:11     | Identified the +1 ring mail of the Lotus Blossom {+Inv rPois MP-9 Str+2} (You found it on level 11 of the Dungeon)
 11936 | D:11     | Found a staircase to the Orcish Mines.
 12112 | D:11     | Received a gift from Okawaru
 12120 | D:11     | Got a smoking flail {god gift}
 12183 | D:11     | Identified the +1 flail "Okhley" {crush, rPois rC++} (Okawaru gifted it to you on level 11 of the Dungeon)
 12202 | D:12     | Noticed a two-headed ogre
 12208 | D:12     | Killed a two-headed ogre
 12436 | D:12     | Reached XP level 13. HP: 96/103 MP: 15/15
 12838 | D:12     | Reached skill level 10 in Fighting
 13119 | D:13     | Received a gift from Okawaru
 13119 | D:13     | HP: 5/103 [death drake (shapeshifter) (6)]
 13147 | D:13     | Got a twisted great mace {god gift}
 13477 | D:13     | Reached ****** piety under Okawaru
 13491 | D:13     | Found a gate to the Vaults.
 13549 | D:13     | Reached skill level 11 in Shields
 13567 | D:13     | Reached skill level 5 in Invocations
 13585 | D:13     | Noticed a centaur warrior
 13590 | D:13     | Received a gift from Okawaru
 13594 | D:13     | Killed a centaur warrior
 13616 | D:13     | Reached skill level 10 in Armour
 13798 | D:13     | Found a frozen archway.
 13805 | IceCv    | Entered an ice cave
 14401 | IceCv    | Reached XP level 14. HP: 74/111 MP: 18/18
 14406 | IceCv    | Identified the +5 great mace of Defence by Offence {vamp, rPois Dex+3} (Okawaru gifted it to you on level 13 of the Dungeon)
 14420 | IceCv    | Noticed a frost giant
 14441 | IceCv    | Killed from afar by a frost giant

Skill      XL: |  1  2  3  4  5  6  7  8  9 10 11 12 13 |
---------------+----------------------------------------+-----
Axes           | 3 4 5 6 8 9 10 | 10.1
Shields        | 4 5 6 7 8 9 10 11 | 11.4
Fighting       | 4 5 7 8 9 10 | 10.7
Dodging        | 1 2 3 4 6 7 8 |  8.1
Armour         | 4 5 6 7 8 9 10 | 10.3
Maces & Flails | 3 4 5 7 9 |  9.2
Invocations    | 3 5 |  5.9
Evocations     | |  0.4

Action                   |  1- 3 |  4- 6 |  7- 9 | 10-12 | 13-15 || total
-------------------------+-------+-------+-------+-------+-------++-------
Melee: War axe           |    91 |   219 |    75 |       |       ||   385
       Great mace        |       |       |   208 |   672 |   252 ||  1132
       Flail             |       |       |       |       |   145 ||   145
Throw: Tomahawk          |       |       |       |    29 |       ||    29
Invok: Heroism           |       |       |       |       |     1 ||     1
       Finesse           |       |       |       |       |     1 ||     1
 Abil: Dig               |       |       |       |     1 |       ||     1
Evoke: Wand              |       |       |       |    25 |       ||    25
  Use: Potion            |       |       |     5 |     4 |     7 ||    16
       Scroll            |       |       |     6 |     5 |     6 ||    17
  Eat: Chunk             |       |     5 |    10 |    20 |     7 ||    42
       Royal jelly       |       |       |     1 |       |       ||     1
       Fruit             |       |       |       |     3 |       ||     3
Armor: Scale mail        |    42 |    71 |    27 |       |       ||   140
       Plate armour      |       |       |    52 |    36 |       ||    88
       Crystal plate arm |       |       |       |   403 |   274 ||   677
Dodge: Dodged            |    45 |   104 |   170 |   384 |   168 ||   871
Block: Shield            |    47 |   127 |   168 |   525 |    36 ||   903
       Large shield      |       |       |       |       |   643 ||   643
